 Dungeon Crawl Stone Soup version 0.18-a0-1788-g92de1ac (webtiles) character file.

2978 SkaryMonk the Archer (level 9, -4/51 HPs)
             Began as an Octopode Venom Mage on Apr 20, 2016.
             Was an Elder of Nemelex Xobeh.
             Slain by a vampire mosquito (13 damage)
             ... summoned by the player character
             ... on level 9 of the Dungeon.
             The game lasted 01:06:07 (7312 turns).

SkaryMonk the Archer (Octopode Venom Mage)          Turns: 7312, Time: 01:06:07

Health: -4/51      AC:  1    Str:  7    XL:     9   Next: 82%
Magic:  11/12      EV: 12    Int: 21    God:    Nemelex Xobeh [****..]
Gold:   372        SH:  0    Dex: 12    Spells: 4 memorised, 2 levels left

rFire  + . .     SeeInvis .     b - +8 shortbow "Dragon's Tongue" {venom, rF+}
rCold  . . .     Gourm    .     (shield currently unavailable)
rNeg   . . .     Faith    .     (helmet restricted)
rPois  .         Spirit   .     (no amulet)
rElec  .         Dismiss  .     (no ring)
rCorr  .         Reflect  .     (no ring)
SustAt .         Harm     .     (no ring)
MR     .....                    (no ring)
Stlth  +++.......               (no ring)
                                (no ring)
                                (no ring)
                                (no ring)

@: not resistant to hostile enchantments, fairly stealthy
A: almost no armour, amphibious, 8 rings, constrict 8, camouflage 1, gelatinous
body 1
a: Triple Draw, Deal Four, Renounce Religion


You were on level 9 of the Dungeon.
You worshipped Nemelex Xobeh.
Nemelex Xobeh was greatly pleased with you.
You were not hungry.

You visited 1 branch of the dungeon, and saw 9 of its levels.

You collected 568 gold pieces.
You spent 176 gold pieces at shops.

Notes
Turn   | Place    | Note
--------------------------------------------------------------
     0 | D:1      | SkaryMonk the Octopode Venom Mage began the quest for the Orb.
     0 | D:1      | Reached XP level 1. HP: 11/11 MP: 3/3
   239 | D:1      | Reached XP level 2. HP: 17/17 MP: 0/5
   374 | D:1      | Reached skill level 5 in Poison Magic
   684 | D:1      | Found a sparkling altar of Nemelex Xobeh.
   688 | D:1      | Became a worshipper of Nemelex Xobeh the Trickster
   975 | D:1      | Received a gift from Nemelex Xobeh
  1115 | D:2      | Reached XP level 3. HP: 21/21 MP: 2/6
  1175 | D:2      | Found a glowing golden altar of the Shining One.
  1387 | D:2      | Learned a level 3 spell: Mephitic Cloud
  1423 | D:2      | Learned a level 2 spell: Cure Poison
  1437 | D:2      | Reached XP level 4. HP: 23/27 MP: 0/7
  1990 | D:3      | Reached * piety under Nemelex Xobeh
  2517 | D:3      | Found an iron altar of Okawaru.
  2769 | D:4      | Found Diucil's Assorted Antiques.
  2812 | D:4      | Found Wexkim's Gadget Boutique.
  2838 | D:4      | Found Wuol's Food Shop.
  2850 | D:4      | Found Nyxawk's Gadget Boutique.
  2940 | D:4      | Noticed Natasha
  2944 | D:4      | Killed Natasha
  2944 | D:4      | Reached XP level 5. HP: 22/31 MP: 6/8
  2999 | D:4      | Noticed Edmund
  3016 | D:4      | Noticed Natasha
  3022 | D:4      | Killed Natasha
  3033 | D:4      | Killed Edmund
  3103 | D:4      | Received a gift from Nemelex Xobeh
  3108 | D:4      | Found Deifioto's Antique Weapon Shoppe.
  3116 | D:4      | Bought a blackened shortbow for 176 gold pieces
  3116 | D:4      | Identified the +8 shortbow "Dragon's Tongue" {venom, rF+} (You bought it in a shop on level 4 of the Dungeon)
  3151 | D:4      | Noticed Natasha
  3155 | D:4      | Noticed Natasha
  3155 | D:4      | Natasha changed into Natasha the killer bee
  3163 | D:4      | Noticed Natasha
  3163 | D:4      | Natasha the killer bee changed into Natasha the jackal
  3171 | D:4      | Killed Natasha the jackal
  3171 | D:4      | Reached XP level 6. HP: 19/36 MP: 1/9
  3433 | D:4      | Reached ** piety under Nemelex Xobeh
  3446 | D:4      | Reached skill level 1 in Bows
  3453 | D:4      | Found a shadowy altar of Dithmenos.
  3664 | D:4      | Found a stormy altar of Qazlal.
  3682 | D:5      | Entered Level 5 of the Dungeon
  3731 | D:5      | Reached skill level 2 in Bows
  3753 | D:5      | Found a shimmering altar of Xom.
  3971 | D:5      | Received a gift from Nemelex Xobeh
  3979 | D:5      | Noticed an ice beast
  3990 | D:5      | Reached skill level 3 in Bows
  4022 | D:5      | Reached XP level 7. HP: 41/41 MP: 10/10
  4050 | D:5      | Reached skill level 4 in Bows
  4059 | D:5      | You fall through a shaft for 3 floors!
  4291 | D:8      | Reached skill level 5 in Bows
  4353 | D:8      | Learned a level 4 spell: Olgreb's Toxic Radiance
  4545 | D:7      | Reached skill level 6 in Bows
  4564 | D:7      | Reached XP level 8. HP: 46/46 MP: 11/11
  4572 | D:7      | Reached skill level 7 in Bows
  4577 | D:8      | Reached *** piety under Nemelex Xobeh
  4643 | D:8      | Received a gift from Nemelex Xobeh
  4692 | D:7      | Found a blossoming altar of Fedhas.
  4733 | D:7      | Reached skill level 8 in Bows
  4818 | D:7      | Reached skill level 1 in Shields
  4988 | D:7      | Reached XP level 9. HP: 31/51 MP: 7/12
  5050 | D:7      | Reached skill level 5 in Shields
  5371 | D:7      | Received a gift from Nemelex Xobeh
  5654 | D:6      | Reached skill level 1 in Evocations
  5740 | D:6      | Noticed Protee's ghost (novice OpTm)
  6492 | D:5      | Reached **** piety under Nemelex Xobeh
  6549 | D:6      | Received a gift from Nemelex Xobeh
  6549 | D:6      | Found a staircase to the Ecumenical Temple.
  6622 | D:6      | Reached skill level 5 in Evocations
  7195 | D:9      | Received a gift from Nemelex Xobeh
  7287 | D:9      | Reached skill level 9 in Bows
  7312 | D:9      | Slain by a vampire mosquito

Inventory:

Hand Weapons
 a - a +2 dagger of venom
 b - the +8 shortbow "Dragon's Tongue" (weapon) {venom, rF+}
   (You bought it in a shop on level 4 of the Dungeon)

   It poisons the ammo it fires.
   It protects you from fire.
Missiles
 i - 14 curare-tipped needles
 z - 67 arrows (quivered)
Armour
 C - a +0 buckler
Jewellery
 G - a +2 ring of strength {unknown}
Wands
 F - a wand of heal wounds (4/9)
Scrolls
 k - 2 scrolls of amnesia {unknown}
 r - a scroll of fog
 s - a scroll of fear {unknown}
 u - 4 scrolls of remove curse
 v - a scroll of enchant weapon {unknown}
 w - 3 scrolls of magic mapping {unknown}
 x - a scroll of blinking {unknown}
 y - a scroll of enchant armour {unknown}
 E - 2 scrolls of teleportation {unknown}
 K - 2 scrolls of identify
Potions
 c - 2 potions of resistance {unknown}
 e - 3 potions of heal wounds
 f - 3 potions of lignification {unknown}
 g - 7 potions of curing
 h - 2 potions of cancellation {unknown}
 j - 2 potions of flight {unknown}
 m - a potion of might {unknown}
 n - a potion of magic {unknown}
 o - 4 potions of degeneration {unknown}
 q - 2 potions of mutation {unknown}
 A - 2 potions of invisibility {unknown}
 B - a potion of haste {unknown}
 I - 2 potions of brilliance {unknown}
 J - a potion of agility {unknown}
Books
 t - a Young Poisoner's Handbook

   Spells                             Type                      Level
   a - Sting                          Conjuration/Poison           1
   b - Cure Poison                    Poison                       2
   c - Mephitic Cloud                 Conjuration/Poison/Air       3
   d - Olgreb's Toxic Radiance        Poison                       4
   e - Venom Bolt                     Conjuration/Poison           5
Miscellaneous
 l - a legendary deck of escape
 D - a plain deck of war {drawn: 3}
 H - a plain deck of war
 M - an ornate deck of escape {drawn: 1}
Comestibles
 d - 5 bread rations
 p - 4 meat rations
 L - 5 chunks of flesh

Table legend:
 A = Turns spent in this place as a percentage of turns spent in the entire game.
 B = Non-inter-level travel turns spent in this place as a percentage of non-inter-level travel turns spent in the entire game.
 C = Inter-level travel turns spent in this place as a percentage of turns spent in this place.
 D = Turns resting spent in this place as a percentage of non-inter-level travel turns spent in this place.
 E = Turns spent auto-exploring this place as a percentage of non-inter-level travel turns spent in this place.
 F = Non-inter-level travel turns spent in this place divided by the number of levels of this place that you've seen.
                   A       B       C       D       E      F
               +-------+-------+-------+-------+-------+----------------------
         Total | 100.0 | 100.0 |   1.5 |   0.9 |  18.4 | 176.8
       Dungeon | 100.0 | 100.0 |   1.5 |   0.9 |  18.4 | 176.8
               +-------+-------+-------+-------+-------+----------------------


   Skills:
 + Level 9.2 Bows
 - Level 2.0 Dodging
 - Level 3.0 Stealth
 - Level 5.6 Shields
 - Level 2.2 Spellcasting
 - Level 8.2 Poison Magic
 - Level 5.2 Evocations


You had 2 spell levels left.
You knew the following spells:

 Your Spells              Type           Power        Failure   Level  Hunger
a - Sting                 Conj/Pois      ###.         2%          1    #......
b - Mephitic Cloud        Conj/Pois/Air  ##......     17%         3    ###....
c - Cure Poison           Pois           #####.....   1%          2    ##.....
d - Olgreb's Toxic Radia  Pois           #####...     6%          4    #####..


Dungeon Overview and Level Annotations

Branches:
Dungeon (9/15)             Temple (0/1) D:6
   Lair: D:8-11         Orc: D:9-12

Altars:
Dithmenos
Fedhas
Nemelex Xobeh
Okawaru
Qazlal
Xom
The Shining One

Shops:
D:4 %}}*(

Annotations:
D:6 Protee's ghost, novice OpTm


Innate Abilities, Weirdness & Mutations

You cannot wear most types of armour.
You are amphibious.
You can wear up to eight rings at the same time.
You can use your tentacles to constrict eight enemies at once.
Your skin changes colour to match your surroundings (Stealth).
Your rubbery body absorbs attacks (AC +1).


Message History

The vampire mosquito misses you.
Your vampire mosquito barely misses the vampire mosquito.
The vampire mosquito bites you.
The vampire mosquito draws strength from your injuries!
Your vampire mosquito bites the vampire mosquito.
Firing (i - inventory):
z - 68 arrows (quivered)
Press: ? - help, Shift-Dir - straight line, f/p - vampire mosquito
Aim: a vampire mosquito (lightly damaged, summoned) Really fire in your vampire mosquito's direction?
You shoot an arrow. The arrow misses the vampire mosquito.
The arrow hits your vampire mosquito!
The vampire mosquito is moderately damaged.
The vampire mosquito bites you.
The vampire mosquito draws strength from your injuries!
The vampire mosquito bites you!
* * * LOW HITPOINT WARNING * * *
The vampire mosquito draws strength from your injuries!
The vampire mosquito bites you!
You die...
Your body glows slightly and disappears.

.... #..... #####'#+#.
#.... +..... #.........
..... # #.... ##........
..... ##. #... #....#'##
..... #...
#..######....#Y†. .....
##...###..#...(.....#...
..##
#.........#.........#[..
..#
#.......y.'......>..####
.##
#.....@y.#.............
.#
#........#........#####
## ##.......#........# #
#...)...#........# #
##..###.#........# #
##....#.########## #
#.....#.# ## ##.....#.#
.# #......#.#


You could see 2 vampire mosquitoes.

Table legend:
 A = Kills in this place as a percentage of kills in entire the game.
 B = Kills by you in this place as a percentage of kills by you in the entire game.
 C = Kills by friends in this place as a percentage of kills by friends in the entire game.
 D = Other kills in this place as a percentage of other kills in the entire game.
 E = Experience gained in this place as a percentage of experience gained in the entire game.
 F = Experience gained in this place divided by the number of levels of this place that you have seen.
                   A       B       C       D       E      F
               +-------+-------+-------+-------+-------+----------------------
         Total | 100.0 | 100.0 | 100.0 | 100.0 | 100.0 | 472.8
       Dungeon | 100.0 | 100.0 | 100.0 | 100.0 | 100.0 | 472.8
               +-------+-------+-------+-------+-------+----------------------

Vanquished Creatures
  A hippogriff (D:9)
  A hungry ghost (D:7)
  A water moccasin (D:8)
  An orc warrior (D:6)
  An ice beast (D:5)
  A sky beast (D:7)
  3 phantoms
  3 ogres
  A centaur (D:6)
  2 giant frogs
  A gnoll sergeant (D:7)
  6 killer bees (D:7)
  A howler monkey (D:5)
  3 crimson imps
  A giant frog zombie (D:6)
  2 jellies
  6 hounds
  A giant frog skeleton (D:4)
  3 orc priests
  A centaur skeleton (D:7)
  2 iguanas
  An orc wizard (D:6)
  4 worker ants
  A hound zombie (D:8)
  A hound skeleton (D:8)
  9 adders
  8 gnolls (D:7)
  3 shadow imps
  An adder skeleton (D:6)
  3 dart slugs
  7 giant geckos
  15 orcs
  3 giant cockroaches
  9 goblins
  7 hobgoblins
  10 jackals
  6 quokkas
  3 ball pythons
  12 bats
  2 giant gecko skeletons
  4 giant newts
  4 kobolds
  2 quokka skeletons (D:6)
  A quokka zombie (D:5)
  8 rats
166 creatures vanquished.

Vanquished Creatures (collateral kills)
  A hippogriff (D:9)
  Edmund (D:4)
  An ice beast (D:9)
  An ogre (D:9)
  A hound (D:4)
  An orc priest (D:9)
  Natasha (twice) (D:4)
  A hound zombie (D:9)
  An adder (D:4)
  A worm (D:2)
  A giant gecko (D:2)
  An orc (D:4)
  A hobgoblin (D:2)
  A kobold (D:2)
15 creatures vanquished.

Grand Total: 181 creatures vanquished

Action                   |  1- 3 |  4- 6 |  7- 9 || total
-------------------------+-------+-------+-------++-------
Melee: Unarmed           |     5 |     8 |       ||    13
       Constrict         |     1 |     8 |       ||     9
       Tentacles         |     1 |     2 |       ||     3
       Short sword       |       |    20 |       ||    20
       Dagger            |       |     3 |     1 ||     4
 Fire: Shortbow          |       |    37 |   225 ||   262
 Cast: Sting             |    53 |    41 |     9 ||   103
       Mephitic Cloud    |       |     5 |    13 ||    18
       Olgreb's Toxic Ra |       |       |     5 ||     5
       Cure Poison       |       |       |     2 ||     2
Evoke: Deck              |     5 |    14 |     7 ||    26
  Use: Scroll            |     1 |     5 |     1 ||     7
       Potion            |       |       |     1 ||     1
 Stab: Sleeping          |       |     2 |       ||     2
       Confused          |       |     1 |       ||     1
  Eat: Chunk             |     2 |     9 |    11 ||    22
       Fruit             |       |       |     2 ||     2
       Pizza             |       |       |     1 ||     1
Armor: Skin              |     3 |     6 |     1 ||    10
Dodge: Dodged            |    14 |    27 |    35 ||    76

Vault maps used:
D:1:      sevenhm_arrival_forest_fort_large_3, nemelex_diamond_rough_becter
D:2:      forest_paths, tso_oasis_becter, serial_bayou_lagoon_b
D:3:      lemuel_coloured_pillars_altar, minmay_ruptured
D:4:      nicolae_dithmenos_the_darkroom, kennysheep_mini_moat, serial_shops,
          shop, shop, shop, shop_fountains, shop, first_bread,
          minmay_misc_feat_columns, uniq_natasha, uniq_edmund
D:5:      nicolae_overflow_crystal_walls
D:6:      minmay_temple_entry_statues_pillars
D:7:      fedhas_altar_3
D:9:      gammafunk_pakellas_statue_experiment, kennysheep_mini, minivault_16,
          nicolae_two_hexagons, hangedman_tree_tricks, serial_bayou_pond_b,
          minivault_25_ag
